 Dungeon Crawl Stone Soup version 0.24-a0-537-g2d01d4ab0a (webtiles) character file.

Game seed: 4193203061857897008

175 Jerry the Cudgeler (level 5, -7/53 HPs)
             Began as a Troll Berserker on Aug 13, 2019.
             Was a Believer of Trog.
             Mangled by a gnoll
             ... wielding a +0 halberd
              (9 damage)
             ... on level 3 of the Dungeon.
             The game lasted 00:07:41 (2348 turns).

Jerry the Cudgeler (Troll Berserker)                Turns: 2348, Time: 00:07:42

Health: -7/53      AC:  7    Str: 25    XL:     5   Next: 29%
Magic:  4/4        EV: 10    Int:  4    God:    Trog [**....]
Gold:   155        SH:  0    Dex:  9    Spells: 4/4 levels left

rFire    . . .     SeeInvis .   a - +0 mace
rCold    . . .     Gourm    +   (no shield)
rNeg     . . .     Faith    +   b - +0 animal skin
rPois    .         Spirit   .   (helmet restricted)
rElec    .         Reflect  .   f - +0 cloak
rCorr    .         Harm     .   (gloves unavailable)
MR       .....                  (boots unavailable)
Stlth    +.........             h - amulet of faith
HPRegen  0.57/turn              (no ring)
MPRegen  0.09/turn              (no ring)

@: no status effects
A: large, unfitting armour, claws 3, fast metabolism 3, gourmand, regeneration
1, shaggy fur 1, tough skin 3
a: Berserk, Trog's Hand, Renounce Religion


You were on level 3 of the Dungeon.
You worshipped Trog.
Trog was pleased with you.
You were completely stuffed.

You visited 1 branch of the dungeon, and saw 3 of its levels.

You collected 155 gold pieces.

Inventory:

Hand Weapons
 a - a +0 mace (weapon)
 l - a +0 flail
Armour
 b - a +0 animal skin (worn)
 f - a +0 cloak (worn)
Jewellery
 h - an amulet of faith (around neck)
Scrolls
 g - a scroll of identify
 m - a scroll of teleportation {unknown}
Potions
 d - 2 potions of curing
 e - a potion of berserk rage {unknown}
 i - a potion of degeneration {unknown}
 j - a potion of resistance {unknown}
Comestibles
 c - 6 rations
 k - 4 chunks of flesh


   Skills:
 + Level 3.2 Fighting
 + Level 3.5 Maces & Flails
 + Level 1.9 Armour
 + Level 3.2 Dodging


You had 4 spell levels left.
You didn't know any spells.
Your spell library was empty.

Dungeon Overview and Level Annotations

Branches:
Dungeon (3/15)

Altars:
Kikubaaqudgha
Yredelemnul

Annotations:
D:3 2 transporters, Menkaure


Innate Abilities, Weirdness & Mutations

You are too large for most types of armour.
You have claws for hands.
Your metabolism is lightning-fast.
You like to eat raw meat.
Your natural rate of healing is unusually fast.
You are covered in fur. (AC +1)
You have extremely tough skin. (AC +3)


Message History

You struggle against the net.
The adder skeleton bites you but does no damage.
The gnoll hits you from afar with a +0 halberd!
You struggle against the net.
The gnoll hits you from afar with a +0 spear!
The adder skeleton bites you but does no damage.
The gnoll hits you.
* * * LOW HITPOINT WARNING * * *
You struggle against the net.
The gnoll hits you from afar with a +0 spear.
* * * LOW HITPOINT WARNING * * *
The gnoll hits you from afar with a +0 halberd.
* * * LOW HITPOINT WARNING * * *
The adder skeleton bites you.
* * * LOW HITPOINT WARNING * * *
The gnoll hits you but does no damage.
You rip the net and break free!
The adder skeleton barely misses you. The gnoll hits you but does no damage.
The gnoll hits you from afar with a +0 halberd!
You die...

###### #....#
###########....##
#######
#>........'......
.......
#.#########....##
....... #.# #....#
......g##.######
##.###
......gg@........
#.#
ยง.....gZ.........
#.#
......g..........
#.#
..##..g..........
#.# .
...............
#.#
.........$......
#.#
.................
#.#
................


You could see 6 gnolls and an adder skeleton.

Vanquished Creatures
  Natasha (D:2)
  3 gnolls
  4 adders
  An adder skeleton (D:3)
  2 worms
  2 dart slugs
  3 leopard geckos
  10 hobgoblins
  13 jackals
  2 quokkas (D:3)
  A ball python (D:2)
  6 bats
  A frilled lizard (D:1)
  6 goblins
  6 kobolds
  6 rats
67 creatures vanquished.

Notes
Turn   | Place    | Note
-------+----------+-------------------------------------------
     0 | D:1      | Jerry the Troll Berserker began the quest for the Orb.
     0 | D:1      | Reached XP level 1. HP: 22/22 MP: 0/0
   366 | D:1      | Reached XP level 2. HP: 29/29 MP: 1/1
   963 | D:2      | Reached XP level 3. HP: 28/36 MP: 2/2
   978 | D:2      | Reached skill level 1 in Armour
  1041 | D:2      | Reached ** piety under Trog
  1112 | D:1      | Reached XP level 4. HP: 44/44 MP: 3/3
  1626 | D:2      | Noticed Natasha
  1631 | D:2      | Killed Natasha
  1878 | D:3      | Reached XP level 5. HP: 53/53 MP: 4/4
  2169 | D:3      | Found a transporter.
  2169 | D:3      | Noticed a necrophage
  2203 | D:3      | Found a transporter.
  2208 | D:3      | Noticed Menkaure
  2209 | D:3      | Found an ancient bone altar of Kikubaaqudgha.
  2209 | D:3      | Noticed a necrophage
  2221 | D:3      | Found a basalt altar of Yredelemnul.
  2347 | D:3      | HP: 2/53 [adder skeleton (3)]
  2348 | D:3      | Mangled by a gnoll

Levels and vault maps discovered:
D:1:      sevenhm_arrival_forest_fort_small_5, layout_loops_corners
D:2:      layout_basic, grunt_ministairs_14, uniq_natasha
D:3:      wander_river, layout_basic, gammafunk_temple_of_torment,
          nicolae_overflow_crystal_walls, serial_undead, serial_undead_e,
          serial_undead_a, serial_undead_f, serial_undead_e

Skill      XL: |  1  2  3  4 |
---------------+-------------+-----
Maces & Flails | 3 |  3.5
Armour         | 1 |  1.9
Dodging        | 3 |  3.2
Fighting       | 3 |  3.2

Action                   |  1- 3 |  4- 6 || total
-------------------------+-------+-------++-------
Melee: Mace              |    94 |   142 ||   236
  Use: Scroll            |       |     7 ||     7
  Eat: Chunk             |    14 |    14 ||    28
Armor: Animal skin       |    66 |   107 ||   173
Dodge: Dodged            |    70 |   123 ||   193

Table legend:
 A = Non-vault XP
 B = Vault XP
 C = Vault XP percentage of total XP
 D = Non-vault monster count
 E = Vault monster count
 F = Vault count percentage of total count
                 A         B        C        D         E       F
            +---------+---------+-------+---------+---------+-------
      Total |     204 |      47 |  18.7 |      63 |       4 |   6.0
            +---------+---------+-------+---------+---------+-------
        D:1 |      60 |       0 |   0.0 |      21 |       0 |   0.0
        D:2 |      94 |      42 |  30.9 |      30 |       3 |   9.1
        D:3 |      50 |       5 |   9.1 |      12 |       1 |   7.7
            +---------+---------+-------+---------+---------+-------
